 Dungeon Crawl Stone Soup version 0.29-a0-1043-g569b05d6ff (webtiles) character file.

Game seed: 14834121590990261404

24 gelatine the Firebug (level 2, 0/19 HPs)
             Began as a Demonspawn Fire Elementalist on Aug 16, 2022.
             Slain by a quokka (4 damage)
             ... on level 2 of the Dungeon.
             The game lasted 00:04:37 (1346 turns).

gelatine the Firebug (Demonspawn Fire Elementalist) Turns: 1346, Time: 00:04:38

Health: 0/19       AC:  3    Str: 14    XL:     2   Next: 79%
Magic:  5/5        EV: 12    Int: 16    God:
Gold:   42         SH:  0    Dex: 13    Spells: 4/5 levels left

rFire   . . .      SeeInvis .   e - +0 dagger
rCold   . . .      Faith    .   (no shield)
rNeg    . . .      Spirit   .   a - +0 robe
rPois   .          Reflect  .   (no helmet)
rElec   .          Harm     .   (no cloak)
rCorr   .          Rampage  .   (no gloves)
Will    .....                   (no boots)
Stlth   ++........              (no amulet)
HPRegen 0.06/turn               d - +6 ring of strength
MPRegen 0.09/turn               (no ring)

@: no status effects
A: rugged brown scales 1
a: no special abilities


You were on level 2 of the Dungeon.
You visited 1 branch of the dungeon, and saw 2 of its levels.

You collected 42 gold pieces.

Inventory:

Hand Weapons
 e - a +0 dagger (weapon)
Armour
 a - a +0 robe (worn)
Jewellery
 d - a +6 ring of strength (left hand)
Scrolls
 c - a scroll of acquirement
Potions
 b - a potion of magic


   Skills:
 + Level 2.0 Dodging
 + Level 1.9 Stealth
 + Level 2.2 Spellcasting
 + Level 1.1 Conjurations
 + Level 3.2 Fire Magic


You had 4 spell levels left.
You knew the following spells:

 Your Spells              Type           Power      Damage    Failure   Level
a - Foxfire               Conj/Fire      32%        2x1d5     9%          1

Your spell library contained the following spells:

 Spells                   Type           Power      Damage    Failure   Level
 Scorch                   Fire           24%        2d6       8%          2
 Conjure Flame            Conj/Fire      8%         6-21      24%         3
 Inner Flame              Hex/Fire       7%         N/A       30%         3
 Flame Wave               Conj/Fire      8%         2d5       63%         4


Dungeon Overview and Level Annotations

Branches:
Dungeon (2/15)

Altars:

Shops:
D:1 =   D:2 [

Annotations:
D:2 Robin


Innate Abilities, Weirdness & Mutations

You are partially covered in rugged brown scales. (AC +1, +3% HP)


Message History

Done exploring.
There is a stone staircase leading down here.
There is a stone staircase leading down here.
You climb downwards.
There is a stone staircase leading up here.
A bat comes into view.
You conjure some foxfire!
You conjure some foxfire!
There is not enough space to conjure foxfire!
The foxfire hits the bat.
The bat is severely wounded.
The foxfire hits the bat.
You kill the bat!
Your foxfire dissipates! x2
Unknown command.
There is a stone staircase leading up here.
You climb upwards.
There is a stone staircase leading down here.
Magic restored.
There is an escape hatch in the floor here.
You slide downwards.
The hatch slams shut behind you.
Robin shouts!
The goblin shouts! x2; The hobgoblin shouts!
The goblin shouts!
The hobgoblin shouts!
The goblin shouts! x3
Found Umok's Armour Emporium.
This is a scroll of acquirement!
Something appears at your feet! Robin throws the goblin at you!
The goblin shouts!
You hit the goblin.
The goblin is heavily wounded.
The quokka bites you. The goblin closely misses you.
Robin roars a battlecry!
The goblins go into a battle-frenzy!
The hobgoblin hits you. The goblin hits you with a +0 dagger.
* * * LOW HITPOINT WARNING * * *
You hear a shout!
You barely miss the goblin.
The goblin is heavily wounded.
The quokka bites you.
You die...

....... ........
........### #
.........## ..
.........##.# .
#...#g.....#
....#.#g.g..#
.....∩g@gg..#
#...#.#rgg...gg.
# #...#g...####
........#.#
........##..#
.........# .#
##........ .
.....#.## ..


You could see Robin, a quokka, 3 hobgoblins and 7 goblins.

Vanquished Creatures
  A ball python (D:1)
  2 bats
  An endoplasm (D:1)
  3 giant cockroaches (D:1)
  4 goblins (D:1)
  5 hobgoblins (D:1)
  A kobold (D:1)
  3 rats (D:1)
  A spectral hobgoblin (D:1)
21 creatures vanquished.

Vanquished Creatures (others)
  74 foxfires
74 creatures vanquished.

Grand Total: 95 creatures vanquished

Notes
Turn   | Place    | Note
-------+----------+-------------------------------------------
     0 | D:1      | gelatine the Demonspawn Fire Elementalist began the quest
                  | for the Orb.
     0 | D:1      | Reached XP level 1. HP: 13/13 MP: 3/3
   147 | D:1      | Found a faded altar of an unknown god.
   318 | D:1      | Gained mutation: You are partially covered in rugged brown
                  | scales. (AC +1, +3% HP) [demonic ancestry]
   318 | D:1      | Reached XP level 2. HP: 13/19 MP: 1/5
   418 | D:1      | Reached skill level 3 in Fire Magic
   705 | D:1      | Found Ynuteido's Jewellery Boutique.
  1342 | D:2      | Noticed Robin
  1342 | D:2      | Found Umok's Armour Emporium.
  1343 | D:2      | Identified 2 scrolls of acquirement
  1343 | D:2      | Acquired 699 gold pieces
  1346 | D:2      | Slain by a quokka

Illustrated notes

Levels and vault maps discovered:
D:1:      heliophobic_arrival_henge, layout_basic,
          dreamdust_ecumenical_altar_drowned_temple, serial_shops, shop
D:2:      layout_rooms, basic_altar, serial_shops,
          nicolae_shop_advertising_works [nicolae_subvault_shop_adworks],
          minivault_5, dreamdust_mushroom_princess,
          nicolae_concentric_dashed_squares_wild, uniq_robin, uniq_sigmund

Skill      XL: |  1  2 |
---------------+-------+-----
Fire Magic     | 3 |  3.2
Dodging        | 2 |  2.0
Stealth        | |  1.9
Spellcasting   | |  2.2
Conjurations   | |  1.1

Action                   || total
-------------------------++-------
Melee: Dagger            ||    15
       Punch             ||     1
 Cast: Foxfire           ||    41
  Use: Scroll            ||     1
Armor: Robe              ||     6
Dodge: Dodged            ||    19

Table legend: (Time is in decaauts)
 A = Elapsed time spent in this place.
 B = Non-inter-level travel time spent in this place.
 C = Inter-level travel time spent in this place.
 D = Time resting spent in this place.
 E = Time spent auto-exploring this place.
 F = Levels seen in this place.
 G = Mean time per level.
                   A        B        C        D        E       F      G
               +--------+--------+--------+--------+--------+-----+--------+
         Total |   1349 |   1260 |     89 |      0 |   1080 |   2 |  674.5 |
       Dungeon |   1349 |   1260 |     89 |      0 |   1080 |   2 |  674.5 |
               +--------+--------+--------+--------+--------+-----+--------+

Top non-repeatable levels by time:
     D:1: 1327 daAuts
     D:2: 21 daAuts
